 Dungeon Crawl Stone Soup version 0.29.1-1-gd02db6906a (webtiles) character file.

Game seed: 11131021443982373446

34 Descartes the Scratcher (level 3, 0/15 HPs)
             Began as a Felid Transmuter on Oct 7, 2022.
             Succumbed to an adder's poison
             ... on level 3 of the Dungeon.
             The game lasted 00:05:15 (2587 turns).

Descartes the Scratcher (Felid Transmuter)          Turns: 2587, Time: 00:05:16

Health: 0/15       AC:  1    Str:  8    XL:     3   Next: 14%
Magic:  7/7        EV: 17    Int: 20    God:
Gold:   85         SH:  0    Dex: 16    Spells: 5/6 levels left
                                        Lives:  0   Deaths: 0

rFire   . . .      SeeInvis +     - Unarmed
rCold   . . .      Faith    .   (shield unavailable)
rNeg    . . .      Spirit   .   (body armour unavailable)
rPois   .          Reflect  .   (helmet unavailable)
rElec   .          Harm     .   (cloak unavailable)
rCorr   .          Rampage  .   (gloves unavailable)
Will    .....                   (boots unavailable)
Stlth   ++........              (no amulet)
HPRegen 0.05/turn               i - +6 ring of intelligence
MPRegen 0.10/turn               (no ring)

@: lethally poisoned (0 -> -6), appendages, quick
A: horns 2, very small, claws 1, fangs 3, see invisible, speed 1, shaggy fur 1,
stealthy paws, no weapons or thrown items, no armour, multi-lived
a: End Transformation


You were on level 3 of the Dungeon.
You had temporarily grown beastly horns.
You visited 1 branch of the dungeon, and saw 3 of its levels.

You collected 85 gold pieces.

Inventory:

Jewellery
 g - a ring of fire
 i - a +6 ring of intelligence (left paw)
Scrolls
 b - a scroll of amnesia {unknown}
 c - a scroll of blinking {unknown}
 d - a scroll of poison {unknown}
 j - a scroll of enchant weapon {unknown}
 k - 2 scrolls of vulnerability {unknown}
 l - a scroll of identify {unknown}
Potions
 a - a potion of lignification
 e - a potion of degeneration {unknown}
 f - a potion of mutation {unknown}


   Skills:
 + Level 1.2 Fighting
 + Level 3.1 Dodging
 + Level 1.0 Stealth
 * Level 3.3 Unarmed Combat
 + Level 2.1 Spellcasting
 + Level 0.9 Translocations
 + Level 2.3 Transmutations
 + Level 0.6 Poison Magic


You had 5 spell levels left.
You knew the following spells:

 Your Spells              Type           Power      Damage    Failure   Level
a - Beastly Appendage     Tmut           22%        N/A       6%          1

Your spell library contained the following spells:

 Spells                   Type           Power      Damage    Failure   Level
 Wereblood                Tmut           11%        N/A       9%          2
 Spider Form              Tmut/Pois      8%         N/A       26%         3
 Ignite Poison            Fire/Tmut/Pois 6%         N/A       30%         3
 Conjure Flame            Conj/Fire      2%         6-21      43%         3
 Ice Form                 Ice/Tmut       6%         N/A       67%         4
 Sticky Flame             Conj/Fire      2%         2d3       83%         4


Dungeon Overview and Level Annotations

Branches:
Dungeon (3/15)

Altars:

Shops:
D:1 (


Innate Abilities, Weirdness & Mutations

You have temporarily grown beastly horns.
You have sharp claws.
You have razor-sharp teeth.
You have supernaturally acute eyesight. (SInv)
You cover ground quickly. (Speed+)
You are covered in fur. (AC +1)
Your paws help you pounce on unaware monsters.
You are incapable of wielding weapons or throwing items.
You cannot wear armour.
You gain extra lives every three experience levels.


Message History

You miss the adder. The adder bites you.
You barely miss the adder. The adder bites you but does no damage.
You scratch the adder but do no damage. Your bite misses the adder.
The adder closely misses you.
An endoplasm comes into view.
The endoplasm quivers.
You scratch the adder. Your bite misses the adder.
The adder is lightly wounded.
The adder bites you.
You scratch the adder.
The adder is lightly wounded.
The adder bites you.
You are lethally poisoned!
The adder poisons you! The adder misses you.
You scratch the adder. Your bite misses the adder.
The adder is moderately wounded.
* * * LOW HITPOINT WARNING * * *
You feel sick. The adder misses you.
You feel much better.
You feel sick. The adder misses you.
You closely miss the adder. You headbutt the adder.
The adder is almost dead.
You feel sick. The adder bites you but does no damage.
You scratch the adder.
The adder is almost dead.
The adder barely misses you.
You miss the adder.
The adder is almost dead.
You feel sick. The adder misses you. The adder bites you.
You scratch the adder but do no damage.
The adder is almost dead.
You feel sick.
You are no longer poisoned.
The endoplasm freezes you.
You are frozen.
The adder bites you.
* * * LOW HITPOINT WARNING * * *
You are lethally poisoned!
The adder poisons you!
You scratch the adder but do no damage.
The adder is almost dead.
You die...

#.# ..# ... #..
#.#######
#........ ##
###SJ...... .
..#@.......
###.#.#.#######
#...#.#.#
#.....#.#
####.#.#
#......#
##.######
#......#
#....#....


You could see an adder and an endoplasm.

Vanquished Creatures
  A dart slug (D:3)
  An orc (D:3)
  A bat (D:3)
  5 endoplasms
  A giant cockroach (D:1)
  2 hobgoblins
  2 jackals (D:2)
  3 quokkas
  4 ball pythons
  2 frilled lizards
  2 goblins
  A kobold (D:2)
  3 rats (D:1)
28 creatures vanquished.

Notes
Turn   | Place    | Note
-------+----------+-------------------------------------------
     0 | D:1      | Descartes the Felid Transmuter began the quest for the Orb.
     0 | D:1      | Reached XP level 1. HP: 9/9 MP: 4/4
   460 | D:1      | Reached XP level 2. HP: 7/12 MP: 4/6
   850 | D:1      | Found Gafestukk's Weapon Emporium.
  1534 | D:2      | Reached skill level 1 in Stealth
  2105 | D:3      | Reached XP level 3. HP: 15/15 MP: 7/7
  2587 | D:3      | Succumbed to an adder's poison

Illustrated notes

Levels and vault maps discovered:
D:1:      scummos_arrival_star, layout_basic, serial_shops, shop
D:2:      layout_loops_ring
D:3:      layout_basic, chequers_ecumenical_altar_grove

Skill      XL: |  1  2 |
---------------+-------+-----
Dodging        | 3 |  3.1
Stealth        | 1 |  1.0
Fighting       | |  1.2
Unarmed Combat | |  3.3
Spellcasting   | |  2.1
Translocations | |  0.9
Transmutations | |  2.3
Poison Magic   | |  0.6

Action                   || total
-------------------------++-------
Melee: Unarmed           ||    71
       Headbutt          ||     6
       Bite              ||     5
 Cast: Beastly Appendage ||    23
  Use: Potion            ||     2
 Stab: Sleeping          ||     2
Armor: Skin              ||     6
Dodge: Dodged            ||    41
